 Dungeon Crawl Stone Soup version 0.18.1-50-g88ac8fd (webtiles) character file.

116 lorenzova the Ducker (level 5, -1/42 HPs)
             Began as a Merfolk Skald on Oct 18, 2016.
             Slain by Britaniac's ghost (3 damage)
             ... on level 3 of the Dungeon.
             The game lasted 00:02:49 (2043 turns).

lorenzova the Ducker (Merfolk Skald)                Turns: 2043, Time: 00:02:50

Health: -1/42      AC:  3    Str: 13    XL:     5   Next: 1%
Magic:  3/8        EV: 14    Int: 11    God:
Gold:   81         SH:  0    Dex: 14    Spells: 2 memorised, 5 levels left

rFire  . . .     SeeInvis .     q - +2 spear (pierce)
rCold  . . .     Gourm    .     b - +0 leather armour
rNeg   . . .     Faith    .     (no shield)
rPois  .         Spirit   .     (no helmet)
rElec  .         Dismiss  .     (no cloak)
rCorr  .         Reflect  .     (no gloves)
SustAt .         Harm     .     (no boots)
MR     .....                    (no amulet)
Stlth  +.........               (no ring)
                                (no ring)

@: infused (expiring), not resistant to hostile enchantments, very unstealthy
A: change form in water, swift swim
a: no special abilities


You were on level 3 of the Dungeon.
You were not hungry.

You visited 1 branch of the dungeon, and saw 3 of its levels.

You collected 81 gold pieces.

Inventory:

Hand Weapons
 a - a +0 spear
 q - a +2 spear of piercing (weapon)
Armour
 b - a +0 leather armour (worn)
Jewellery
 s - an uncursed ring of ice
Scrolls
 f - a scroll of immolation {unknown}
 g - a scroll of enchant weapon {unknown}
 h - 2 scrolls of amnesia {unknown}
 k - 2 scrolls of remove curse
 n - a scroll of enchant armour {unknown}
Potions
 e - 3 potions of degeneration {unknown}
 i - 2 potions of curing {unknown}
 l - 2 potions of heal wounds {unknown}
 m - a potion of magic {unknown}
 o - a potion of haste {unknown}
 p - 2 potions of lignification {unknown}
 t - a potion of cancellation {unknown}
Books
 c - a book of Battle

   Spells                             Type                      Level
   a - Infusion                       Charms                       1
   b - Shroud of Golubria             Charms/Translocation         2
   c - Song of Slaying                Charms                       2
   d - Spectral Weapon                Hexes/Charms                 3
   e - Regeneration                   Charms/Necromancy            3
 r - a book of Conjurations

   Spells                             Type                      Level
   a - Magic Dart                     Conjuration                  1
   b - Searing Ray                    Conjuration                  2
   c - Dazzling Spray                 Conjuration/Hexes            3
   d - Fulminant Prism                Conjuration/Hexes            4
   e - Iskenderun's Mystic Blast      Conjuration                  4
   f - Iskenderun's Battlesphere      Conjuration/Charms           5
Comestibles
 d - 2 bread rations
 j - a meat ration
 u - 2 fruits


   Skills:
 + Level 3.9 Fighting
 - Level 3.0 Polearms
 - Level 0.6 Armour
 + Level 4.7 Dodging
 - Level 2.0 Spellcasting
 - Level 3.2 Charms


You had 5 spell levels left.
You knew the following spells:

 Your Spells              Type           Power        Failure   Level  Hunger
a - Infusion              Chrm           #...         12%         1    ##.....
b - Song of Slaying       Chrm           #.......     17%         2    ###....


Dungeon Overview and Level Annotations

Branches:
Dungeon (3/15)

Altars:
The Shining One

Annotations:
D:3 Britaniac's ghost, amateur DEFE


Message History

You are too injured to fight recklessly!
You are too injured to fight recklessly!
You barely miss Britaniac's ghost.
Britaniac's ghost is heavily damaged.
Britaniac's ghost screams, "Don't try to defend!
You have no chance!"
Britaniac's ghost points at you and mumbles some strange words.
The flame tongue misses you.
You hit Britaniac's ghost.
Britaniac's ghost is heavily damaged.
Your magical infusion is running out.
Britaniac's ghost points at you and mumbles some strange words.
The flame tongue misses you.
You hit Britaniac's ghost.
Britaniac's ghost is heavily damaged.
Britaniac's ghost gestures at you while chanting.
The flame tongue misses you.
You closely miss Britaniac's ghost.
Britaniac's ghost is heavily damaged.
Britaniac's ghost hits you.
You die...

##...###.##
#.....#.#.######.#
##.....###.......#
##..##.#..#######
#......#.#
#..#####.#
#..#####.#
#######W.......#
.......@†...####
###.##..###.#
.....#..# #.#
.....#..###.######
...................
............###.#.
... ....#...##..#
#.####.#.....#..#
#...............#


You could see Britaniac's ghost.

Vanquished Creatures
  5 adders
  An ooze (D:1)
  2 worms (D:2)
  3 dart slugs
  2 giant geckos (D:2)
  A giant cockroach (D:2)
  5 goblins
  4 hobgoblins
  7 jackals
  A quokka (D:2)
  3 ball pythons
  6 bats
  4 giant newts
  4 kobolds
  5 rats
53 creatures vanquished.

Notes
Turn   | Place    | Note
--------------------------------------------------------------
     0 | D:1      | lorenzova the Merfolk Skald began the quest for the Orb.
     0 | D:1      | Reached XP level 1. HP: 16/16 MP: 3/3
    98 | D:1      | Reached skill level 2 in Dodging
   171 | D:1      | Reached XP level 2. HP: 16/23 MP: 5/5
   180 | D:1      | Learned a level 2 spell: Song of Slaying
   408 | D:1      | Reached XP level 3. HP: 27/28 MP: 6/6
   448 | D:1      | Reached skill level 3 in Dodging
   897 | D:2      | Found a glowing golden altar of the Shining One.
  1128 | D:2      | Found a faded altar to an unknown god.
  1191 | D:2      | Reached XP level 4. HP: 25/35 MP: 3/7
  1223 | D:2      | Reached skill level 4 in Dodging
  2015 | D:3      | Noticed Britaniac's ghost (amateur DEFE)
  2016 | D:3      | Reached XP level 5. HP: 41/42 MP: 8/8
  2039 | D:3      | HP: 2/42 [Britaniac's ghost/flame tongue (17)]
  2043 | D:3      | Slain by Britaniac's ghost

Skill      XL: |  1  2  3  4 |
---------------+-------------+-----
Dodging        | 2 3 4 |  4.7
Fighting       | 3 |  3.9
Polearms       | |  3.0
Armour         | |  0.6
Spellcasting   | |  2.0
Charms         | |  3.2

Action                   |  1- 3 |  4- 6 || total
-------------------------+-------+-------++-------
Melee: Spear             |   123 |    80 ||   203
 Cast: Infusion          |     2 |     2 ||     4
  Use: Scroll            |       |     1 ||     1
 Stab: Sleeping          |     1 |       ||     1
  Eat: Chunk             |       |     2 ||     2
       Pizza             |       |     1 ||     1
Armor: Leather armour    |    24 |    18 ||    42
Dodge: Dodged            |    52 |    59 ||   111
